 Dungeon Crawl Stone Soup version 0.20-a0-1109-ge3cd172 (console) character file.

257 nht the Poker (level 6, -8/62 HPs)
             Began as an Ogre Fighter on May 5, 2017.
             Killed from afar by Dowan (18 damage)
             ... with a stone arrow
             ... on level 4 of the Dungeon.
             The game lasted 00:04:12 (2305 turns).

nht the Poker (Ogre Fighter)                        Turns: 2305, Time: 00:04:13

Health: -8/62      AC:  3    Str: 21      XL:     6   Next: 16%
Magic:  6/6        EV:  8    Int: 11      God:
Gold:   156        SH:  8    Dex: 11 (12) Spells: 5/5 levels left

rFire    . . .     SeeInvis .   a - +0 trident
rCold    . . .     Gourm    .   c - +0 shield
rNeg     . . .     Faith    .   b - +0 robe
rPois    .         Spirit   .   (helmet restricted)
rElec    .         Reflect  .   (no cloak)
rCorr    .         Harm     .   (gloves unavailable)
MR       +....                  (boots unavailable)
Stlth    +.........             (no amulet)
Regen    0.6/turn               p - +4 ring of dexterity
MPRegen  0.1/turn               (no ring)

@: no status effects
A: unfitting armour, antennae 1, magic resistance 1, regeneration 1, tough skin
1
a: no special abilities


You were on level 4 of the Dungeon.
You were not hungry.

You visited 1 branch of the dungeon, and saw 4 of its levels.

You collected 156 gold pieces.

Inventory:

Hand Weapons
 a - a +0 trident (weapon)
Armour
 b - a +0 robe (worn)
 c - a +0 shield (worn)
Jewellery
 p - a +4 ring of dexterity (left hand)
Scrolls
 n - a scroll of remove curse
 r - 2 scrolls of recharging
 s - 4 scrolls of teleportation
Potions
 e - 2 potions of resistance
 i - 2 potions of heal wounds
 j - a potion of brilliance
 k - a potion of ambrosia
 l - a potion of flight
 q - a potion of invisibility
 t - a potion of curing
Comestibles
 f - 3 bread rations
 g - 8 chunks of flesh
 h - a fruit
 o - 3 meat rations


   Skills:
 - Level 4.0 Fighting
 + Level 6.3 Polearms
 - Level 2.6 Dodging
 - Level 2.6 Shields


You had 5 spell levels left.
You didn't know any spells.

Dungeon Overview and Level Annotations

Branches:
Dungeon (4/15)
 Temple: D:4-7

Altars:
Ashenzari
Cheibriados
Dithmenos
Hepliaklqana
Makhleb
Nemelex Xobeh
Sif Muna
Trog
Uskayaw

Annotations:
D:4 Dowan


Innate Abilities, Weirdness & Mutations

You are too large for most types of armour.
You have tough skin. (AC +1)
You have a pair of small antennae on your head.
You are resistant to hostile enchantments. (MR+)
Your natural rate of healing is unusually fast.


Message History

Dowan is almost dead.
Dowan hits you but does no damage.
You closely miss Dowan.
Dowan is almost dead.
You block Dowan's attack. Dowan casts a spell at you. The stone arrow hits you!
* * * LOW HITPOINT WARNING * * *
You are too injured to fight recklessly!
You closely miss Dowan.
Dowan is almost dead.
Dowan casts a spell at you. You block the shard of ice.
You miss Dowan.
Dowan is almost dead.
You block Dowan's attack.
Dowan says, "Magic will overcome all!"
Dowan casts a spell at you. The stone arrow hits you!
You die... █████ ██████.... .██████████████.>....███ ..$.(.e@(.).....██████ █████████████████

You could see Dowan.

Vanquished Creatures
  Duvessa (D:4)
  An orc wizard (D:3)
  3 adders (D:3)
  An ooze (D:1)
  3 worms
  6 orcs (D:3)
  8 giant cockroaches
  7 goblins
  9 hobgoblins
  4 jackals (D:3)
  10 kobolds
  6 bats
  5 frilled lizards
  9 rats
73 creatures vanquished.

Vanquished Creatures (others)
  An orc (D:3)
1 creature vanquished.

Grand Total: 74 creatures vanquished

Notes
Turn   | Place    | Note
-------+----------+-------------------------------------------
     0 | D:1      | nht the Ogre Fighter began the quest for the Orb.
     0 | D:1      | Reached XP level 1. HP: 24/24 MP: 1/1
   102 | D:1      | Reached XP level 2. HP: 23/32 MP: 2/2
   189 | D:1      | Reached skill level 3 in Polearms
   296 | D:1      | Reached XP level 3. HP: 29/39 MP: 3/3
   682 | D:1      | Found a sparkling altar of Nemelex Xobeh.
   815 | D:2      | Found a shadowy altar of Dithmenos.
  1183 | D:2      | Reached skill level 4 in Polearms
  1520 | D:2      | Found a hide-covered altar of Uskayaw.
  1528 | D:2      | Reached XP level 4. HP: 32/48 MP: 4/4
  1529 | D:2      | Found a snail-covered altar of Cheibriados.
  1531 | D:2      | Found a hazy altar of Hepliaklqana.
  1532 | D:2      | Found a shattered altar of Ashenzari.
  1533 | D:2      | Found a burning altar of Makhleb.
  1534 | D:2      | Found a bloodstained altar of Trog.
  1688 | D:3      | Gained mutation: You have a pair of small antennae on your head. [potion of mutation]
  1688 | D:3      | Gained mutation: You are resistant to hostile enchantments. (MR+) [potion of mutation]
  1688 | D:3      | Gained mutation: Your natural rate of healing is unusually fast. [potion of mutation]
  1811 | D:3      | Reached skill level 5 in Polearms
  1812 | D:3      | Reached XP level 5. HP: 30/54 MP: 5/5
  2165 | D:3      | Found a deep blue altar of Sif Muna.
  2256 | D:4      | Noticed Duvessa
  2259 | D:4      | Noticed Dowan
  2286 | D:4      | Killed Duvessa
  2286 | D:4      | Reached skill level 6 in Polearms
  2286 | D:4      | Reached XP level 6. HP: 62/62 MP: 6/6
  2305 | D:4      | Killed from afar by Dowan

Vault maps used:
D:1:      ncdulo_watergridlock, serial_bayou_pond_d,
          nemelex_diamond_rough_becter
D:2:      minitemple, st_stairs_7, nicolae_dithmenos_through_a_glass_darkly
D:3:      first_bread, led_sif_pool
D:4:      uniq_crazy_yiuf_cottage, uniq_duvessa

Skill      XL: |  1  2  3  4  5 |
---------------+----------------+-----
Polearms       | 3 4 5 6 |  6.3
Fighting       | |  4.0
Dodging        | |  2.6
Shields        | |  2.6

Action                   |  1- 3 |  4- 6 || total
-------------------------+-------+-------++-------
Melee: Trident           |   159 |   156 ||   315
Throw: Tomahawk          |       |     4 ||     4
  Use: Scroll            |     6 |     4 ||    10
       Potion            |       |     7 ||     7
 Stab: Sleeping          |     2 |     1 ||     3
  Eat: Chunk             |     2 |     3 ||     5
Armor: Robe              |    43 |    32 ||    75
       Skin              |       |    22 ||    22
Dodge: Dodged            |    42 |    47 ||    89
Block: Shield            |    50 |    76 ||   126
